 Dungeon Crawl Stone Soup version 0.20.1-1-g8b1a95d (webtiles) character file.

72 vatarom the Gusty (level 4, -1/32 HPs)
             Began as a Demonspawn Air Elementalist on Sept 22, 2017.
             Slain by a bullfrog (8 damage)
             ... on level 4 of the Dungeon.
             The game lasted 00:03:33 (1651 turns).

vatarom the Gusty (Demonspawn Air Elementalist)     Turns: 1651, Time: 00:03:34

Health: -1/32      AC:  3    Str:  9    XL:     4   Next: 7%
Magic:  0/8        EV: 12    Int: 17    God:
Gold:   65         SH:  0    Dex: 13    Spells: 2/8 levels left

rFire    . . .     SeeInvis +   e - -2 spear
rCold    . . .     Gourm    .   (no shield)
rNeg     . . .     Faith    .   a - +0 robe
rPois    .         Spirit   .   (no helmet)
rElec    .         Reflect  .   (no cloak)
rCorr    .         Harm     .   k - +0 pair of gloves
MR       +....                  (no boots)
Stlth    ++........             (no amulet)
Regen    0.1/turn               (no ring)
MPRegen  0.2/turn               (no ring)

@: very slightly contaminated
A: claws 1, see invisible, magic resistance 1, spiny 1
a: no special abilities


You were on level 4 of the Dungeon.
You were not hungry.

You visited 1 branch of the dungeon, and saw 3 of its levels.

You collected 65 gold pieces.

Inventory:

Hand Weapons
 e - a -2 spear (weapon)
 f - a +5 dagger
Armour
 a - a +0 robe (worn)
 k - a +0 pair of gloves (worn)
Jewellery
 i - a cursed ring of loudness {unknown}
Scrolls
 j - a scroll of identify
Potions
 g - a potion of lignification
Books
 b - a book of Air

   Spells                             Type                      Level
   a - Shock                          Conjuration/Air              1
   b - Swiftness                      Charms/Air                   2
   c - Static Discharge               Conjuration/Air              3
   d - Airstrike                      Air                          4
   e - Lightning Bolt                 Conjuration/Air              5
Comestibles
 c - a bread ration
 d - 3 chunks of flesh
 h - 4 fruits
 l - a meat ration


   Skills:
 + Level 1.3 Fighting
 - Level 1.7 Dodging
 - Level 1.7 Stealth
 + Level 2.6 Spellcasting
 + Level 2.1 Conjurations
 * Level 3.3 Air Magic


You had 2 spell levels left.
You knew the following spells:

 Your Spells              Type           Power        Failure   Level  Hunger
a - Shock                 Conj/Air       ##..         6%          1    #......
b - Swiftness             Chrm/Air       #.......     14%         2    ##.....
c - Static Discharge      Conj/Air       ##......     19%         3    ###....


Dungeon Overview and Level Annotations

Branches:
Dungeon (2/15)

Altars:
Elyvilon

Annotations:
D:2 Sigmund


Innate Abilities, Weirdness & Mutations

You have sharp fingernails.
You are partially covered in sharp spines.
You have supernaturally acute eyesight. (SInv)
You are resistant to hostile enchantments. (MR+)


Message History

Casting: Static Discharge
Confirm with . or Enter, or press ? or * to list all spells.
You don't have enough magic to cast that spell.
Unknown command.
Casting: Static Discharge
Confirm with . or Enter, or press ? or * to list all spells.
Aiming: Shock
Press: ? - help, Shift-Dir - straight line The zap hits the bullfrog.
The bullfrog is heavily wounded.
The zap hits the bullfrog.
The bullfrog is severely wounded.
The zap hits the adder.
You kill the adder!
You have reached level 4!
You feel stronger. The bullfrog hits you!
* * * LOW HITPOINT WARNING * * *
The bullfrog hits you!
You die...

......# ....#.# .#....##
##..#..######
##.........###
#.......†.....##
#..........##O.###
#..........###†F.####>..
#...........####@......[
#............# ####....#
#..........#... .#.#
#..........###.


You could see an ogre and a bullfrog.

Vanquished Creatures
  3 adders
  A worm (D:2)
  3 dart slugs
  A leopard gecko (D:2)
  3 giant cockroaches
  5 goblins
  2 hobgoblins (D:1)
  A ball python (D:1)
  4 bats
  6 frilled lizards
  4 kobolds (D:1)
  5 rats
38 creatures vanquished.

Notes
Turn   | Place    | Note
-------+----------+-------------------------------------------
     0 | D:1      | vatarom the Demonspawn Air Elementalist began the quest for the Orb.
     0 | D:1      | Reached XP level 1. HP: 13/13 MP: 3/3
   550 | D:1      | Gained mutation: You are partially covered in sharp spines. [demonic ancestry]
   550 | D:1      | Reached XP level 2. HP: 20/20 MP: 5/5
   856 | D:1      | Reached skill level 1 in Fighting
  1114 | D:2      | Reached skill level 3 in Air Magic
  1114 | D:2      | Gained mutation: You have sharp fingernails. [demonic ancestry]
  1114 | D:2      | Reached XP level 3. HP: 26/26 MP: 3/6
  1118 | D:2      | Learned a level 2 spell: Swiftness
  1122 | D:2      | Learned a level 3 spell: Static Discharge
  1160 | D:2      | Gained mutation: You have supernaturally acute eyesight. (SInv) [potion of mutation]
  1160 | D:2      | Gained mutation: You are resistant to hostile enchantments. (MR+) [potion of mutation]
  1453 | D:2      | Found a white marble altar of Elyvilon.
  1558 | D:2      | Noticed Sigmund
  1634 | D:2      | You fall through a shaft for 2 floors!
  1634 | D:4      | Noticed a bullfrog
  1634 | D:4      | Noticed an ogre
  1651 | D:4      | Reached XP level 4. HP: 14/32 MP: 0/8
  1651 | D:4      | Slain by a bullfrog

Skill      XL: |  1  2  3 |
---------------+----------+-----
Fighting       | 1 |  1.3
Air Magic      | 3 |  3.3
Conjurations   | 2 |  2.1
Dodging        | |  1.7
Stealth        | |  1.7
Spellcasting   | |  2.6

Action                   |  1- 3 |  4- 6 || total
-------------------------+-------+-------++-------
Melee: Spear             |    34 |       ||    34
       Unarmed           |     5 |       ||     5
 Cast: Shock             |    52 |     1 ||    53
       Swiftness         |     1 |       ||     1
       Static Discharge  |     1 |       ||     1
  Use: Scroll            |     9 |       ||     9
       Potion            |     2 |       ||     2
 Stab: Sleeping          |     2 |       ||     2
  Eat: Chunk             |     3 |       ||     3
Armor: Robe              |     8 |       ||     8
Dodge: Dodged            |    30 |       ||    30
